 Dungeon Crawl Stone Soup version 0.27-a0-242-ge0fc76b88b (webtiles) character file.

Game seed: 5095380197990750003

22 Borgoz the Slasher (level 2, -1/25 HPs)
             Began as a Ghoul Gladiator on Feb 2, 2021.
             Slain by a kobold (4 damage)
             ... on level 2 of the Dungeon.
             The game lasted 00:00:45 (984 turns).

Borgoz the Slasher (Ghoul Gladiator)                 Turns: 984, Time: 00:00:46

Health: -1/25      AC:  5    Str: 17    XL:     2   Next: 91%
Magic:  1/1        EV: 12    Int:  3    God:
Gold:   18         SH:  0    Dex: 10    Spells: 1/1 levels left

rFire    . . .     SeeInvis .   a - +0 long sword
rCold    + . .     Faith    .   (no shield)
rNeg     + + +     Spirit   .   b - +0 leather armour
rPois    ∞         Reflect  .   c - +0 helmet
rElec    .         Harm     .   (no cloak)
rCorr    .         Rampage  .   h - +0 pair of gloves
Will     .....                  (no boots)
Stlth    +.........             (no amulet)
HPRegen  0.00/turn              (no ring)
MPRegen  0.07/turn              (no ring)

@: hasted, very quick
A: claws 1, cold resistance 1, negative energy resistance 3, inhibited
regeneration, torment resistance, unbreathing
a: no special abilities


You were on level 2 of the Dungeon.
You visited 1 branch of the dungeon, and saw 2 of its levels.

You collected 18 gold pieces.

Inventory:

Hand Weapons
 a - a +0 long sword (weapon)
Armour
 b - a +0 leather armour (worn)
 c - a +0 helmet (worn)
 h - a +0 pair of gloves (worn)
Scrolls
 f - 2 scrolls of fog {unknown}
 g - a scroll of magic mapping {unknown}
Potions
 i - a potion of cancellation {unknown}


   Skills:
 + Level 2.5 Fighting
 * Level 3.1 Long Blades
 - Level 1.7 Throwing
 + Level 0.7 Armour
 + Level 2.9 Dodging


You had one spell level left.
You didn't know any spells.
Your spell library was empty.

Dungeon Overview and Level Annotations

Branches:
Dungeon (2/15)

Altars:


Innate Abilities, Weirdness & Mutations

You thrive by killing the living.
You are immune to poison.
You have sharp fingernails.
Your flesh is cold resistant. (rC+)
You are immune to negative energy. (rN+++)
You do not regenerate when monsters are visible.
You are immune to unholy pain and torment.
You can survive without breathing.


Message History

The worm struggles against the net.
You hit the worm but do no damage.
The worm is severely wounded.
You hit the worm but do no damage.
The worm is severely wounded.
The worm struggles against the net.
You strike the helpless worm from behind!
You slash the worm!
The worm is almost dead.
You strike the helpless worm from behind!
You slash the worm!
You kill the worm!
The kobold shouts!
Things that are here:
a throwing net; a worm corpse The kobold hits you.
* * * LOW HITPOINT WARNING * * *
You are too injured to fight recklessly!
You hit the kobold but do no damage. The kobold hits you.
You die...

## .. # #. .
#.######
#.#......
.##.#....#
.........#
######.#K.#####
....(..@..(...#
#######...##.##
#...#...#
#...#...#
#...#...#
....#...#
#.#..#<..#
..#..#####


You could see a kobold.

Vanquished Creatures
  A worm (D:2)
  A dart slug (D:1)
  A giant cockroach (D:1)
  2 hobgoblins (D:1)
  A ball python (D:2)
  3 bats (D:1)
  2 frilled lizards (D:1)
  3 kobolds (D:1)
  7 rats
21 creatures vanquished.

Notes
Turn   | Place    | Note
-------+----------+-------------------------------------------
     0 | D:1      | Borgoz the Ghoul Gladiator began the quest for the Orb.
     0 | D:1      | Reached XP level 1. HP: 17/17 MP: 0/0
   311 | D:1      | Reached XP level 2. HP: 25/25 MP: 1/1
   328 | D:1      | Reached skill level 3 in Long Blades
   984 | D:2      | Slain by a kobold

Illustrated notes

Levels and vault maps discovered:
D:1:      matt_arrival_diagonals, layout_basic
D:2:      layout_basic, minmay_tetromino_i4

Skill      XL: |  1  2 |
---------------+-------+-----
Long Blades    | 3 |  3.1
Fighting       | |  2.5
Throwing       | |  1.7
Armour         | |  0.7
Dodging        | |  2.9

Action                   || total
-------------------------++-------
Melee: Long sword        ||    50
Throw: Throwing net      ||     3
  Use: Potion            ||     1
 Stab: Held in net/web   ||     2
Armor: Leather armour    ||    14
Dodge: Dodged            ||    35
       Rpst.: Long sword ||    14

Table legend: (Time is in decaauts)
 A = Elapsed time spent in this place.
 B = Non-inter-level travel time spent in this place.
 C = Inter-level travel time spent in this place.
 D = Time resting spent in this place.
 E = Time spent auto-exploring this place.
 F = Levels seen in this place.
 G = Mean time per level.
                   A        B        C        D        E       F      G
               +--------+--------+--------+--------+--------+-----+--------+
         Total |    990 |    972 |     18 |      0 |    833 |   2 |  495.0 |
       Dungeon |    990 |    972 |     18 |      0 |    833 |   2 |  495.0 |
               +--------+--------+--------+--------+--------+-----+--------+

Top non-repeatable levels by time:
     D:1: 959 daAuts
     D:2: 31 daAuts
